 Dungeon Crawl Stone Soup version 0.29.1-15-g9cfb28693d (webtiles) character file.

Game seed: 5921536038006742394

19 Heoruswealwe the Caller (level 2, 0/15 HPs)
             Began as a Deep Elf Summoner on Feb 21, 2023.
             Slain by a jackal (3 damage)
             ... on level 1 of the Dungeon.
             The game lasted 00:07:30 (722 turns).

Heoruswealwe the Caller (Deep Elf Summoner)          Turns: 722, Time: 00:07:30

Health: 0/15       AC:  2    Str:  5    XL:     2   Next: 55%
Magic:  6/8        EV: 12    Int: 19    God:
Gold:   30         SH:  0    Dex: 15    Spells: 7/8 levels left

rFire   . . .      SeeInvis .   g - +0 whip
rCold   . . .      Faith    .   (no shield)
rNeg    . . .      Spirit   .   a - +0 robe
rPois   .          Reflect  .   (no helmet)
rElec   .          Harm     .   (no cloak)
rCorr   .          Rampage  .   (no gloves)
Will    .....                   (no boots)
Stlth   ++........              (no amulet)
HPRegen 0.05/turn               (no ring)
MPRegen 0.11/turn               (no ring)

@: no status effects
A: no striking features
a: no special abilities


You were on level 1 of the Dungeon.
You visited 1 branch of the dungeon, and saw 1 of its levels.

You collected 30 gold pieces.

Inventory:

Hand Weapons
 g - a +0 whip (weapon)
 h - a +0 club
Missiles
 d - 11 stones
 i - a throwing net
Armour
 a - a +0 robe (worn)
 c - a +0 scale mail
 f - an orb of wrath
Potions
 b - a potion of magic
 e - a potion of heal wounds {unknown}
 j - a potion of invisibility {unknown}


   Skills:
 - Level 2.4 Dodging
 - Level 2.4 Stealth
 + Level 3.8 Spellcasting
 + Level 4.8 Summonings


You had 7 spell levels left.
You knew the following spells:

 Your Spells              Type           Power      Damage    Failure   Level
a - Summon Small Mammal   Summ           88%        N/A       1%          1

Your spell library contained the following spells:

 Spells                   Type           Power      Damage    Failure   Level
 Call Imp                 Summ           22%        N/A       3%          2
 Call Canine Familiar     Summ           22%        N/A       6%          3
 Summon Guardian Golem    Hex/Summ       12%        N/A       16%         3
 Portal Projectile        Hex/Tloc       6%         N/A       38%         3
 Tukima's Dance           Hex            3%         N/A       38%         3
 Summon Lightning Spire   Summ/Air       12%        N/A       45%         4
 Blade Hands              Tmut           1%         N/A       98%         5


Dungeon Overview and Level Annotations

Branches:
Dungeon (1/15)

Altars:


Message History

Your quokka barely misses the hobgoblin.
You hit the kobold.
You kill the kobold!
The jackal completely misses your quokka.
Your quokka bites the hobgoblin.
The jackal barely misses your quokka. The hobgoblin hits you.
You hit the hobgoblin.
The hobgoblin is heavily wounded.
Your quokka closely misses the hobgoblin.
The jackal bites your quokka but does no damage.
The hobgoblin hits you.
* * * LOW HITPOINT WARNING * * *
Casting: Summon Small Mammal (safe; 1% risk of failure)
Confirm with . or Enter, or press ? or * to list all spells.
The jackal closely misses your quokka.
Your quokka closely misses the hobgoblin.
The hobgoblin closely misses you.
Your quokka bites the hobgoblin.
The jackal bites your quokka but does no damage.
The hobgoblin attacks as you move away! The hobgoblin completely misses you.
There is an open door here.
Your quokka misses the hobgoblin.
Casting: Summon Small Mammal (safe; 1% risk of failure)
Confirm with . or Enter, or press ? or * to list all spells.
Your quokka bites the hobgoblin.
The hobgoblin dies!
You swap places.
Your quokka barely misses the jackal.
The jackal closely misses your quokka.
The jackal bites your quokka but does no damage.
The jackal bites your rat.
Your rat dies!
Your rat's corpse disappears in a puff of smoke!
Your quokka barely misses the jackal.
Your quokka bites the jackal but does no damage.
You closely miss the jackal. The jackal bites you.
* * * LOW HITPOINT WARNING * * *
You hit the jackal.
The jackal is severely wounded.
Your quokka barely misses the jackal.
The jackal bites you.
You die...

#.# #.### ....# ....# #####
....# #...# ....# #...# #
#.### #...# ######
#.##########...####....####
#.#...†.........@hr........
#.#.########...####....###
#.#.#### #...#.r.....#
#......# ####.h####..#
#......# #.##..##.#
#......# #h.h...#...
#......# #..##..# ..#
#......# #.## # ## #......#
#.#


You could see a jackal (ally target) and a friendly quokka (summoned).

Vanquished Creatures
  A kobold (D:1)
  A bat (D:1)
2 creatures vanquished.

Vanquished Creatures (collateral kills)
  2 bats (D:1)
  3 endoplasms (D:1)
  A giant cockroach (D:1)
  A goblin (D:1)
  3 hobgoblins (D:1)
  3 frilled lizards (D:1)
  A kobold (D:1)
  A rat (D:1)
15 creatures vanquished.

Grand Total: 17 creatures vanquished

Notes
Turn   | Place    | Note
-------+----------+-------------------------------------------
     0 | D:1      | Heoruswealwe the Deep Elf Summoner began the quest for the
                  | Orb.
     0 | D:1      | Reached XP level 1. HP: 10/10 MP: 6/6
   356 | D:1      | Reached XP level 2. HP: 15/15 MP: 5/8
   722 | D:1      | Slain by a jackal

Illustrated notes

Levels and vault maps discovered:
D:1:      psy_arrival_terrarium, layout_basic, minmay_close_crescents

Action                   || total
-------------------------++-------
Melee: Whip              ||     8
 Cast: Summon Small Mamm ||    28
Armor: Robe              ||     3
Dodge: Dodged            ||    14
